[ AOE2 MATCH · #474959541 ]
UnrankedEthiopians vs Teutons
[ REPLAY ANALYSIS · EXTRACTED FROM THE RECORDED GAME ]
Feudal
13:04
Castle
16:35
Imperial
—
| APM avg | 53.5 |
| APM peak | 115 |
| eAPM avg | 22.2 |
| Villagers / military | 121 / 79 |
Focus
⚔️ 32.1% · 🌾 67.9%
Shotel Warrior ×77 · Monk ×2
Feudal
14:24
Castle
18:05
Imperial
36:55
| APM avg | 36.1 |
| APM peak | 68 |
| eAPM avg | 17.3 |
| Villagers / military | 134 / 89 |
Focus
⚔️ 27.6% · 🌾 72.4%
Knight ×80 · Monk ×3 · Militia ×3 · Trebuchet (Packed) ×2 · Spearman ×1
Feudal
14:10
Castle
17:40
Imperial
—
| APM avg | 35.3 |
| APM peak | 71 |
| eAPM avg | 21.3 |
| Villagers / military | 121 / 72 |
Focus
⚔️ 22.4% · 🌾 77.6%
Shrivamsha Rider ×45 · Camel Scout ×14 · Scout Cavalry ×11 · Monk ×2
Feudal
13:04
Castle
17:31
Imperial
40:04
| APM avg | 49.5 |
| APM peak | 88 |
| eAPM avg | 21.4 |
| Villagers / military | 94 / 38 |
Focus
⚔️ 31.6% · 🌾 68.4%
Conquistador ×31 · Scorpion ×6 · Petard ×1
Feudal
12:45
Castle
16:23
Imperial
33:28
| APM avg | 39.2 |
| APM peak | 73 |
| eAPM avg | 17.9 |
| Villagers / military | 105 / 73 |
Focus
⚔️ 24.5% · 🌾 75.5%
Elephant Archer ×47 · Ratha (Ranged) ×22 · Armored Elephant ×4
Feudal
14:07
Castle
18:13
Imperial
—
| APM avg | 34.0 |
| APM peak | 72 |
| eAPM avg | 14.2 |
| Villagers / military | 58 / 47 |
Focus
⚔️ 33.2% · 🌾 66.8%
Cavalry Archer ×41 · Archer ×4 · Unknown (1105) ×2 · Spearman ×1 · Battering Ram ×1
Match map
Initial resources + every placement click. Lines = walls · curves = elevation contours. ◆ gold · ⬟ stone · ● berries · ✦ relic · ◌ wall gap
Your base· Open — unwalled flank
evodio's base
Porthos's base
Goomoonryong's base· Open — 5t gap
zelaz's base· Open — unwalled flank
PandaVolador's base· Open — unwalled flank
Smoothed initial terrain · ◌ = detected wall gap · hover for details
Inputs per minute
— santi - - evodio
Build order — santi
First 150 of 323 actions detected
| 0:27 | Build | Town Center |
| 2:30 | Build | House |
| 2:31 | Build | House |
| 2:34 | Create | Villager (Male) ×4 |
| 2:52 | Build | House |
| 3:27 | Create | Villager (Male) |
| 3:52 | Build | House |
| 3:53 | Build | House |
| 4:18 | Create | Villager (Male) |
| 4:43 | Build | Lumber Camp |
| 4:49 | Build | Palisade Wall |
| 4:57 | Create | Villager (Male) |
| 4:57 | Create | Villager (Male) |
| 5:08 | Create | Villager (Male) |
| 6:01 | Create | Villager (Male) |
| 6:02 | Create | Villager (Male) |
| 6:04 | Build | House |
| 6:17 | Build | House |
| 6:25 | Create | Villager (Male) |
| 6:56 | Create | Villager (Male) |
| 6:57 | Create | Villager (Male) |
| 7:24 | Build | Mill |
| 7:29 | Create | Villager (Male) |
| 7:29 | Create | Villager (Male) |
| 7:42 | Build | House |
| 8:59 | Create | Villager (Male) |
| 9:29 | Create | Villager (Male) |
| 9:47 | Create | Villager (Male) |
| 9:50 | Build | Mining Camp |
| 10:16 | Create | Villager (Male) |
| 10:21 | Research | Feudal Age |
| 10:24 | Build | House |
| 10:35 | Build | House |
| 10:55 | Build | Mining Camp |
| 12:08 | Create | Villager (Male) |
| 12:08 | Create | Villager (Male) |
| 13:04 | Age | Feudal Age |
| 13:06 | Build | Market |
| 13:09 | Build | Blacksmith |
| 13:36 | Build | House |
| 13:39 | Research | Double-Bit Axe |
| 13:55 | Research | Castle Age |
| 14:05 | Build | House |
| 14:09 | Build | Palisade Wall |
| 14:18 | Build | Palisade Wall |
| 14:21 | Build | Palisade Wall |
| 14:37 | Research | Loom |
| 14:42 | Research | Horse Collar |
| 15:04 | Build | Palisade Wall |
| 15:05 | Build | Palisade Wall |
| 15:12 | Build | House |
| 15:15 | Build | House |
| 15:39 | Build | House |
| 15:40 | Build | House |
| 16:17 | Build | House |
| 16:19 | Build | Palisade Wall |
| 16:35 | Age | Castle Age |
| 16:39 | Build | Castle |
| 16:41 | Create | Villager (Male) |
| 16:46 | Research | Bow Saw |
| 16:49 | Research | Forging |
| 16:56 | Create | Villager (Male) |
| 17:08 | Build | Palisade Wall |
| 17:09 | Build | Palisade Wall |
| 17:20 | Create | Villager (Male) |
| 17:41 | Create | Villager (Male) |
| 17:56 | Research | Scale Mail Armor |
| 17:58 | Create | Villager (Male) |
| 18:02 | Build | Barracks |
| 18:09 | Create | Shotel Warrior |
| 18:20 | Build | House |
| 18:21 | Create | Shotel Warrior |
| 18:27 | Build | House |
| 18:35 | Create | Shotel Warrior |
| 18:36 | Create | Shotel Warrior |
| 18:44 | Build | Farm |
| 18:49 | Build | Farm |
| 18:51 | Create | Shotel Warrior |
| 19:01 | Build | Farm |
| 19:02 | Create | Villager (Male) |
| 19:05 | Create | Shotel Warrior |
| 19:39 | Build | Mill |
| 19:42 | Create | Shotel Warrior |
| 19:49 | Research | Arson |
| 20:02 | Create | Shotel Warrior |
| 20:09 | Build | Farm |
| 20:11 | Create | Villager (Male) |
| 20:19 | Build | Farm |
| 20:30 | Create | Shotel Warrior |
| 20:35 | Create | Shotel Warrior |
| 20:44 | Build | Farm |
| 20:58 | Create | Villager (Male) |
| 21:02 | Build | Farm |
| 21:14 | Create | Shotel Warrior |
| 21:29 | Create | Shotel Warrior |
| 21:36 | Build | Monastery |
| 21:39 | Create | Shotel Warrior |
| 21:53 | Create | Shotel Warrior |
| 22:14 | Research | Chain Mail Armor |
| 22:18 | Create | Shotel Warrior |
| 22:29 | Build | Farm |
| 22:31 | Build | Farm |
| 22:38 | Create | Shotel Warrior |
| 22:43 | Build | Farm |
| 22:45 | Build | Farm |
| 22:47 | Create | Shotel Warrior |
| 22:51 | Build | Farm |
| 22:53 | Build | Farm |
| 23:09 | Create | Shotel Warrior |
| 23:20 | Research | Gold Mining |
| 23:21 | Create | Villager (Male) |
| 23:37 | Create | Villager (Male) |
| 23:43 | Create | Monk |
| 23:54 | Create | Shotel Warrior |
| 23:54 | Create | Villager (Male) |
| 24:20 | Build | Town Center |
| 24:22 | Create | Shotel Warrior |
| 24:24 | Create | Villager (Male) |
| 24:37 | Create | Villager (Male) |
| 24:41 | Create | Villager (Male) |
| 24:46 | Create | Shotel Warrior |
| 24:46 | Create | Villager (Male) |
| 24:55 | Research | Squires |
| 25:00 | Create | Shotel Warrior |
| 25:01 | Create | Villager (Male) |
| 25:20 | Create | Shotel Warrior |
| 25:25 | Create | Villager (Male) |
| 25:43 | Create | Villager (Male) |
| 25:43 | Create | Villager (Male) |
| 25:53 | Create | Shotel Warrior |
| 26:03 | Create | Shotel Warrior |
| 26:13 | Create | Villager (Male) |
| 26:17 | Build | Town Center |
| 26:21 | Build | Farm |
| 26:24 | Create | Shotel Warrior |
| 26:40 | Build | Farm |
| 26:42 | Build | Farm |
| 27:02 | Create | Monk |
| 27:17 | Research | Iron Casting |
| 27:24 | Build | Farm |
| 27:31 | Build | Farm |
| 27:33 | Create | Shotel Warrior |
| 27:39 | Create | Villager (Male) |
| 27:56 | Build | Farm |
| 28:02 | Create | Shotel Warrior |
| 28:07 | Create | Villager (Male) |
| 28:14 | Create | Villager (Male) |
| 28:20 | Build | Farm |
| 28:22 | Create | Villager (Male) |
| 28:22 | Create | Villager (Male) |
Build order — evodio
First 150 of 327 actions detected
| 0:09 | Build | Town Center |
| 2:23 | Build | House |
| 2:24 | Build | House |
| 2:33 | Create | Villager (Male) |
| 2:33 | Create | Villager (Male) |
| 2:33 | Create | Villager (Male) |
| 2:33 | Create | Villager (Male) |
| 3:31 | Create | Villager (Male) |
| 4:42 | Create | Villager (Male) |
| 4:43 | Create | Villager (Male) |
| 4:43 | Create | Villager (Male) |
| 4:43 | Create | Villager (Male) |
| 4:47 | Build | Lumber Camp |
| 5:19 | Create | Villager (Male) |
| 5:20 | Create | Villager (Male) |
| 5:27 | Create | Villager (Male) |
| 5:27 | Create | Villager (Male) |
| 5:59 | Create | Villager (Male) |
| 6:04 | Build | House |
| 6:24 | Create | Villager (Male) |
| 7:14 | Build | Mill |
| 7:17 | Create | Villager (Male) |
| 7:26 | Create | Villager (Male) |
| 7:27 | Create | Villager (Male) |
| 7:27 | Create | Villager (Male) |
| 7:28 | Build | House |
| 7:39 | Research | Loom |
| 7:42 | Create | Villager (Male) |
| 7:54 | Create | Villager (Male) |
| 8:06 | Create | Villager (Male) |
| 8:07 | Create | Villager (Male) |
| 8:07 | Create | Villager (Male) |
| 8:24 | Create | Villager (Male) |
| 8:28 | Build | House |
| 8:36 | Build | House |
| 8:50 | Create | Villager (Male) |
| 9:12 | Build | House |
| 9:34 | Build | Barracks |
| 9:43 | Create | Villager (Male) |
| 10:11 | Create | Villager (Male) |
| 10:39 | Create | Villager (Male) |
| 10:44 | Create | Militia |
| 10:45 | Build | House |
| 10:56 | Create | Villager (Male) |
| 11:07 | Create | Militia |
| 11:16 | Build | Mining Camp |
| 11:18 | Create | Villager (Male) |
| 11:27 | Build | House |
| 11:51 | Create | Villager (Male) |
| 11:59 | Create | Militia |
| 12:00 | Build | House |
| 12:10 | Research | Feudal Age |
| 12:59 | Build | House |
| 14:23 | Create | Villager (Male) |
| 14:24 | Age | Feudal Age |
| 14:30 | Create | Villager (Male) |
| 14:42 | Build | Stable |
| 14:45 | Build | Blacksmith |
| 14:53 | Research | Town Watch |
| 15:25 | Research | Castle Age |
| 15:53 | Create | Spearman |
| 16:03 | Research | Horse Collar |
| 16:10 | Research | Double-Bit Axe |
| 16:20 | Build | Palisade Wall |
| 16:35 | Build | House |
| 16:37 | Build | Palisade Wall |
| 16:53 | Create | Villager (Male) |
| 17:43 | Build | Palisade Wall |
| 18:05 | Age | Castle Age |
| 18:07 | Create | Knight |
| 18:09 | Research | Bow Saw |
| 18:15 | Build | Town Center |
| 18:30 | Create | Villager (Male) |
| 18:31 | Create | Villager (Male) |
| 18:46 | Create | Knight |
| 18:57 | Build | Farm |
| 18:59 | Build | Farm |
| 19:02 | Build | Farm |
| 19:06 | Build | Farm |
| 19:14 | Build | House |
| 19:17 | Build | House |
| 19:20 | Build | Palisade Wall |
| 19:35 | Create | Villager (Male) |
| 19:40 | Build | Farm |
| 19:43 | Build | Farm |
| 19:48 | Create | Villager (Male) |
| 19:51 | Build | Farm |
| 19:52 | Build | Farm |
| 20:06 | Create | Villager (Male) |
| 20:11 | Build | Farm |
| 20:14 | Build | Farm |
| 20:17 | Build | Farm |
| 20:20 | Create | Villager (Male) |
| 20:36 | Create | Knight |
| 20:36 | Create | Villager (Male) |
| 20:47 | Build | Farm |
| 20:51 | Build | Monastery |
| 20:52 | Create | Villager (Male) |
| 20:57 | Create | Villager (Male) |
| 21:31 | Create | Knight |
| 21:32 | Create | Villager (Male) |
| 21:38 | Create | Monk |
| 21:43 | Create | Knight |
| 22:02 | Create | Villager (Male) |
| 22:02 | Create | Villager (Male) |
| 22:12 | Build | Mill |
| 22:13 | Build | Farm |
| 22:13 | Build | Farm |
| 22:13 | Build | Farm |
| 22:13 | Build | Farm |
| 22:13 | Build | Farm |
| 22:14 | Build | Farm |
| 22:14 | Build | Farm |
| 22:18 | Create | Villager (Male) |
| 22:28 | Create | Knight |
| 22:31 | Create | Villager (Male) |
| 22:31 | Create | Villager (Male) |
| 23:12 | Create | Villager (Male) |
| 23:13 | Create | Villager (Male) |
| 23:25 | Research | Gold Mining |
| 23:25 | Create | Villager (Male) |
| 23:29 | Build | Farm |
| 23:32 | Build | Farm |
| 23:36 | Build | Farm |
| 23:37 | Create | Villager (Male) |
| 23:37 | Create | Villager (Male) |
| 23:39 | Create | Villager (Male) |
| 24:04 | Create | Villager (Male) |
| 24:04 | Create | Villager (Male) |
| 24:14 | Build | Town Center |
| 24:18 | Create | Villager (Male) |
| 24:23 | Create | Monk |
| 24:24 | Create | Villager (Male) |
| 24:38 | Create | Villager (Male) |
| 24:56 | Create | Villager (Male) |
| 24:58 | Create | Knight |
| 25:33 | Create | Villager (Male) |
| 25:33 | Create | Villager (Male) |
| 25:34 | Create | Knight |
| 25:38 | Build | Stable |
| 25:46 | Build | Farm |
| 25:46 | Build | Farm |
| 25:46 | Build | Farm |
| 25:46 | Build | Farm |
| 25:47 | Build | Farm |
| 25:47 | Build | Farm |
| 25:50 | Create | Villager (Male) |
| 25:50 | Create | Villager (Male) |
| 26:15 | Create | Monk |
| 26:15 | Create | Villager (Male) |
Build order — Porthos
First 150 of 338 actions detected
| 0:20 | Build | Town Center |
| 2:09 | Build | House |
| 2:11 | Build | House |
| 2:29 | Create | Villager (Male) |
| 2:30 | Create | Villager (Male) |
| 2:30 | Create | Villager (Male) |
| 3:08 | Create | Villager (Male) |
| 3:38 | Build | House |
| 3:53 | Create | Villager (Male) |
| 3:55 | Build | House |
| 4:23 | Create | Villager (Male) |
| 4:44 | Build | Lumber Camp |
| 5:05 | Create | Villager (Male) |
| 5:05 | Create | Villager (Male) |
| 5:05 | Create | Villager (Male) |
| 5:06 | Create | Villager (Male) |
| 5:33 | Research | Loom |
| 5:35 | Create | Villager (Male) |
| 6:26 | Create | Villager (Male) |
| 6:27 | Create | Villager (Male) |
| 6:27 | Create | Villager (Male) |
| 6:32 | Build | House |
| 6:44 | Build | House |
| 6:55 | Build | House |
| 7:49 | Create | Villager (Male) |
| 8:03 | Build | House |
| 8:11 | Create | Villager (Male) |
| 9:04 | Build | Mill |
| 9:15 | Create | Villager (Male) |
| 9:16 | Create | Villager (Male) |
| 9:58 | Create | Villager (Male) |
| 10:00 | Build | House |
| 10:34 | Create | Villager (Male) |
| 10:51 | Build | Mining Camp |
| 10:54 | Create | Villager (Male) |
| 11:37 | Build | Barracks |
| 11:56 | Create | Villager (Male) |
| 12:00 | Research | Feudal Age |
| 13:49 | Create | Villager (Male) |
| 13:49 | Create | Villager (Male) |
| 14:10 | Age | Feudal Age |
| 14:13 | Build | Stable |
| 14:15 | Build | Blacksmith |
| 14:50 | Build | House |
| 14:53 | Build | Palisade Wall |
| 14:59 | Research | Castle Age |
| 15:25 | Build | Palisade Wall |
| 15:37 | Build | Palisade Wall |
| 15:41 | Build | Palisade Wall |
| 15:43 | Create | Scout Cavalry |
| 15:45 | Create | Scout Cavalry |
| 16:08 | Research | Double-Bit Axe |
| 16:17 | Research | Horse Collar |
| 16:24 | Build | Farm |
| 16:26 | Build | Farm |
| 17:02 | Build | House |
| 17:05 | Build | Palisade Wall |
| 17:15 | Build | Palisade Wall |
| 17:40 | Age | Castle Age |
| 17:45 | Create | Shrivamsha Rider |
| 17:59 | Build | Town Center |
| 18:08 | Create | Villager (Male) |
| 18:11 | Build | Farm |
| 18:13 | Build | Farm |
| 18:54 | Build | House |
| 19:04 | Build | Farm |
| 19:18 | Create | Villager (Male) |
| 19:18 | Create | Villager (Male) |
| 19:32 | Build | Farm |
| 19:33 | Build | Farm |
| 19:40 | Create | Villager (Male) |
| 19:52 | Create | Shrivamsha Rider |
| 19:54 | Create | Villager (Male) |
| 20:05 | Build | Farm |
| 20:15 | Build | Farm |
| 20:25 | Create | Villager (Male) |
| 20:31 | Build | Farm |
| 20:32 | Create | Shrivamsha Rider |
| 20:38 | Create | Villager (Male) |
| 20:44 | Build | Farm |
| 21:05 | Create | Camel Scout |
| 21:21 | Create | Villager (Male) |
| 21:24 | Build | Farm |
| 21:47 | Create | Villager (Male) |
| 21:49 | Create | Villager (Male) |
| 22:04 | Create | Villager (Male) |
| 22:09 | Build | Farm |
| 22:11 | Build | Farm |
| 22:13 | Build | Town Center |
| 22:14 | Create | Villager (Male) |
| 22:16 | Build | Farm |
| 22:16 | Create | Villager (Male) |
| 22:21 | Create | Camel Scout |
| 22:26 | Build | Farm |
| 22:34 | Build | Outpost |
| 22:39 | Create | Villager (Male) |
| 22:42 | Build | Farm |
| 22:42 | Create | Villager (Male) |
| 22:42 | Create | Villager (Male) |
| 23:02 | Create | Camel Scout |
| 23:13 | Create | Shrivamsha Rider |
| 23:21 | Build | Farm |
| 23:24 | Build | Lumber Camp |
| 23:24 | Create | Villager (Male) |
| 23:32 | Build | Farm |
| 23:35 | Build | Farm |
| 23:35 | Create | Villager (Male) |
| 23:36 | Create | Villager (Male) |
| 24:00 | Create | Scout Cavalry |
| 24:12 | Build | Monastery |
| 24:18 | Create | Shrivamsha Rider |
| 24:23 | Create | Villager (Male) |
| 24:24 | Create | Villager (Male) |
| 24:24 | Create | Villager (Male) |
| 24:28 | Build | Farm |
| 24:51 | Create | Villager (Male) |
| 24:51 | Create | Villager (Male) |
| 24:52 | Create | Villager (Male) |
| 25:02 | Build | House |
| 25:24 | Create | Villager (Male) |
| 25:26 | Build | House |
| 25:28 | Build | House |
| 25:31 | Create | Villager (Male) |
| 25:33 | Build | House |
| 25:34 | Create | Villager (Male) |
| 25:47 | Build | House |
| 25:53 | Create | Villager (Male) |
| 25:54 | Create | Villager (Male) |
| 25:54 | Create | Villager (Male) |
| 25:57 | Build | Stable |
| 26:03 | Build | Farm |
| 26:06 | Build | Farm |
| 26:09 | Build | Farm |
| 26:10 | Build | Farm |
| 26:11 | Build | Farm |
| 26:27 | Create | Shrivamsha Rider |
| 26:37 | Research | Bloodlines |
| 26:42 | Build | Farm |
| 26:42 | Build | Farm |
| 26:42 | Build | Farm |
| 26:43 | Build | Farm |
| 26:43 | Build | Farm |
| 26:43 | Build | Farm |
| 26:44 | Build | Farm |
| 26:44 | Build | Farm |
| 26:44 | Build | Farm |
| 26:50 | Create | Villager (Male) |
| 26:51 | Create | Villager (Male) |
| 26:54 | Build | Farm |
| 26:54 | Create | Villager (Male) |
Build order — Goomoonryong
First 150 of 253 actions detected
| 0:16 | Build | Town Center |
| 2:34 | Create | Villager (Male) ×4 |
| 2:36 | Build | House |
| 2:37 | Build | House |
| 3:27 | Build | Lumber Camp |
| 3:41 | Create | Villager (Male) |
| 3:54 | Build | House |
| 3:55 | Build | House |
| 4:12 | Build | House |
| 4:14 | Create | Villager (Male) |
| 4:45 | Create | Villager (Male) |
| 5:11 | Create | Villager (Male) |
| 5:33 | Create | Villager (Male) |
| 5:56 | Create | Villager (Male) |
| 6:05 | Build | Mill |
| 6:26 | Create | Villager (Male) |
| 6:53 | Create | Villager (Male) |
| 7:24 | Create | Villager (Male) |
| 7:27 | Build | House |
| 7:35 | Create | Villager (Male) |
| 7:55 | Create | Villager (Male) |
| 8:27 | Create | Villager (Male) |
| 8:27 | Create | Villager (Male) |
| 8:53 | Build | Mining Camp |
| 9:13 | Create | Villager (Male) |
| 9:14 | Create | Villager (Male) |
| 9:17 | Research | Loom |
| 9:18 | Build | House |
| 9:32 | Build | House |
| 9:51 | Build | Mining Camp |
| 10:37 | Research | Feudal Age |
| 10:57 | Build | Palisade Wall |
| 11:29 | Create | Villager (Male) |
| 12:10 | Create | Villager (Male) |
| 12:10 | Create | Villager (Male) |
| 12:34 | Build | Palisade Wall |
| 12:46 | Build | Palisade Wall |
| 13:04 | Age | Feudal Age |
| 13:08 | Build | Market |
| 13:13 | Build | Blacksmith |
| 13:59 | Build | Palisade Wall |
| 14:26 | Create | Villager (Male) |
| 14:30 | Build | House |
| 14:31 | Build | Palisade Wall |
| 14:51 | Research | Castle Age |
| 15:08 | Build | Palisade Wall |
| 15:55 | Build | Building 796 |
| 16:13 | Build | Palisade Wall |
| 16:19 | Build | Palisade Wall |
| 16:46 | Create | Villager (Male) |
| 17:31 | Age | Castle Age |
| 17:36 | Build | Castle |
| 17:46 | Build | Building 796 |
| 18:12 | Create | Villager (Male) |
| 18:20 | Create | Villager (Male) |
| 18:34 | Create | Villager (Male) |
| 18:40 | Create | Conquistador |
| 19:01 | Create | Villager (Male) |
| 19:21 | Research | Horse Collar |
| 19:44 | Research | Double-Bit Axe |
| 19:47 | Create | Villager (Male) |
| 19:50 | Build | Farm |
| 19:53 | Build | Farm |
| 20:22 | Create | Villager (Male) |
| 20:22 | Create | Villager (Male) |
| 20:24 | Build | Farm |
| 20:27 | Build | Farm |
| 20:53 | Build | Farm |
| 20:55 | Create | Conquistador |
| 21:01 | Build | Farm |
| 21:03 | Build | Farm |
| 21:17 | Create | Villager (Male) |
| 21:46 | Create | Villager (Male) |
| 22:06 | Build | Town Center |
| 22:11 | Create | Villager (Male) |
| 22:32 | Create | Villager (Male) |
| 22:35 | Build | Farm |
| 22:37 | Build | Farm |
| 23:06 | Create | Conquistador |
| 23:12 | Create | Villager (Male) |
| 23:25 | Build | Mining Camp |
| 23:31 | Create | Villager (Male) |
| 23:44 | Create | Villager (Male) |
| 23:50 | Build | Farm |
| 23:51 | Build | Farm |
| 23:52 | Build | Farm |
| 24:03 | Create | Villager (Male) |
| 24:05 | Build | Farm |
| 24:05 | Create | Villager (Male) |
| 24:06 | Create | Villager (Male) |
| 24:30 | Build | Farm |
| 24:34 | Build | Farm |
| 24:34 | Build | Farm |
| 24:35 | Create | Villager (Male) |
| 24:41 | Build | Palisade Wall |
| 24:43 | Build | Palisade Wall |
| 24:45 | Build | Palisade Wall |
| 24:46 | Build | Palisade Wall |
| 24:49 | Build | Palisade Wall |
| 24:51 | Build | Palisade Wall |
| 24:52 | Build | Palisade Wall |
| 25:00 | Create | Villager (Male) |
| 25:01 | Create | Villager (Male) |
| 25:01 | Create | Conquistador |
| 25:25 | Create | Conquistador |
| 25:41 | Create | Conquistador |
| 25:51 | Create | Villager (Male) |
| 25:59 | Create | Villager (Male) |
| 26:04 | Build | Town Center |
| 26:17 | Build | Siege Workshop |
| 26:22 | Create | Villager (Male) |
| 26:22 | Create | Villager (Male) |
| 26:30 | Create | Villager (Male) |
| 26:33 | Build | Farm |
| 26:34 | Build | Farm |
| 26:34 | Build | Farm |
| 26:47 | Create | Villager (Male) |
| 26:53 | Build | House |
| 26:56 | Build | House |
| 27:06 | Create | Scorpion |
| 27:23 | Create | Conquistador |
| 27:26 | Create | Villager (Male) |
| 27:26 | Create | Villager (Male) |
| 27:38 | Create | Scorpion |
| 27:42 | Build | Farm |
| 27:42 | Build | Farm |
| 27:42 | Build | Farm |
| 27:45 | Create | Villager (Male) |
| 27:53 | Build | House |
| 28:00 | Build | Palisade Wall |
| 28:01 | Build | Palisade Wall |
| 28:04 | Create | Conquistador |
| 28:05 | Create | Villager (Male) |
| 28:10 | Create | Scorpion |
| 28:15 | Create | Villager (Male) |
| 28:18 | Create | Villager (Male) |
| 28:23 | Build | Farm |
| 28:30 | Create | Conquistador |
| 28:47 | Create | Villager (Male) |
| 29:14 | Create | Petard |
| 29:15 | Create | Villager (Male) |
| 29:15 | Create | Villager (Male) |
| 29:20 | Create | Scorpion |
| 29:22 | Create | Villager (Male) |
| 29:24 | Create | Villager (Male) |
| 29:35 | Build | Farm |
| 29:42 | Create | Conquistador |
| 29:55 | Build | Farm |
| 29:58 | Create | Villager (Male) |
| 29:58 | Create | Villager (Male) |
Build order — zelaz
First 150 of 291 actions detected
| 0:30 | Build | Town Center |
| 2:38 | Create | Villager (Male) ×4 |
| 2:47 | Build | House |
| 2:49 | Build | House |
| 4:12 | Create | Villager (Male) |
| 4:21 | Build | Lumber Camp |
| 4:24 | Create | Villager (Male) |
| 5:03 | Create | Villager (Male) |
| 5:25 | Create | Villager (Male) |
| 5:38 | Create | Villager (Male) |
| 6:06 | Create | Villager (Male) |
| 6:25 | Build | House |
| 6:38 | Create | Villager (Male) |
| 6:42 | Build | House |
| 6:50 | Create | Villager (Male) |
| 6:53 | Build | House |
| 7:20 | Build | Mill |
| 7:24 | Build | Mill |
| 7:30 | Create | Villager (Male) |
| 7:47 | Create | Villager (Male) |
| 8:14 | Create | Villager (Male) |
| 8:22 | Build | House |
| 8:31 | Create | Villager (Male) |
| 8:34 | Build | House |
| 8:50 | Create | Villager (Male) |
| 9:14 | Create | Villager (Male) |
| 10:10 | Research | Loom |
| 10:15 | Research | Feudal Age |
| 10:40 | Build | Barracks |
| 11:23 | Create | Villager (Male) |
| 11:23 | Create | Villager (Male) |
| 12:45 | Age | Feudal Age |
| 12:46 | Build | Market |
| 12:48 | Build | Blacksmith |
| 13:43 | Research | Castle Age |
| 14:53 | Research | Double-Bit Axe |
| 16:21 | Create | Villager (Male) |
| 16:23 | Age | Castle Age |
| 16:27 | Build | House |
| 16:38 | Build | Castle |
| 16:53 | Build | Town Center |
| 16:59 | Build | House |
| 17:11 | Create | Villager (Male) |
| 17:14 | Research | Bow Saw |
| 17:17 | Research | Fletching |
| 17:25 | Build | Farm |
| 17:29 | Build | House |
| 17:41 | Create | Villager (Male) |
| 17:45 | Build | Farm |
| 18:04 | Research | Bodkin Arrow |
| 18:11 | Build | House |
| 18:15 | Build | Farm |
| 18:19 | Build | Farm |
| 18:27 | Create | Ratha (Ranged) |
| 18:29 | Create | Villager (Male) |
| 18:39 | Build | House |
| 19:10 | Create | Villager (Male) |
| 19:18 | Build | House |
| 19:20 | Create | Villager (Male) |
| 19:23 | Build | Farm |
| 19:24 | Build | Farm |
| 19:27 | Build | Farm |
| 19:29 | Build | Farm |
| 19:36 | Create | Ratha (Ranged) |
| 19:40 | Create | Villager (Male) |
| 19:55 | Build | House |
| 20:04 | Create | Ratha (Ranged) |
| 20:06 | Create | Villager (Male) |
| 20:06 | Create | Villager (Male) |
| 20:21 | Create | Villager (Male) |
| 20:22 | Build | Farm |
| 20:37 | Create | Ratha (Ranged) |
| 20:38 | Create | Villager (Male) |
| 20:38 | Create | Villager (Male) |
| 20:41 | Build | Farm |
| 20:45 | Build | House |
| 21:03 | Create | Ratha (Ranged) |
| 21:04 | Create | Villager (Male) |
| 21:05 | Create | Villager (Male) |
| 21:19 | Build | House |
| 21:21 | Create | Villager (Male) |
| 21:23 | Create | Ratha (Ranged) |
| 21:30 | Build | Farm |
| 21:38 | Create | Villager (Male) |
| 21:45 | Create | Villager (Male) |
| 21:49 | Build | House |
| 21:52 | Build | Farm |
| 21:58 | Create | Ratha (Ranged) |
| 21:59 | Create | Villager (Male) |
| 22:09 | Build | Farm |
| 22:17 | Create | Villager (Male) |
| 22:32 | Build | Farm |
| 22:44 | Create | Villager (Male) |
| 22:45 | Create | Villager (Male) |
| 22:45 | Create | Ratha (Ranged) |
| 23:03 | Create | Villager (Male) |
| 23:04 | Create | Villager (Male) |
| 23:21 | Create | Ratha (Ranged) |
| 23:22 | Create | Villager (Male) |
| 23:22 | Create | Villager (Male) |
| 23:31 | Build | Town Center |
| 23:45 | Create | Ratha (Ranged) |
| 23:50 | Create | Villager (Male) |
| 23:50 | Create | Villager (Male) |
| 24:27 | Create | Villager (Male) |
| 24:27 | Create | Villager (Male) |
| 24:28 | Create | Ratha (Ranged) |
| 24:34 | Create | Ratha (Ranged) |
| 24:59 | Create | Villager (Male) |
| 24:59 | Create | Villager (Male) |
| 25:04 | Build | Town Center |
| 25:48 | Create | Ratha (Ranged) |
| 25:49 | Create | Villager (Male) |
| 25:49 | Create | Villager (Male) |
| 25:54 | Build | Farm |
| 25:54 | Build | Farm |
| 25:55 | Build | Farm |
| 25:56 | Build | Farm |
| 25:57 | Build | Farm |
| 26:01 | Build | Farm |
| 26:01 | Build | Farm |
| 26:07 | Create | Ratha (Ranged) |
| 26:10 | Create | Villager (Male) |
| 26:10 | Create | Villager (Male) |
| 26:26 | Research | Horse Collar |
| 26:29 | Build | Farm |
| 26:36 | Create | Villager (Male) |
| 26:36 | Create | Villager (Male) |
| 26:37 | Create | Villager (Male) |
| 26:38 | Build | Farm |
| 26:40 | Build | Lumber Camp |
| 26:47 | Build | Farm |
| 26:53 | Build | Barracks |
| 27:12 | Create | Ratha (Ranged) |
| 27:13 | Create | Ratha (Ranged) |
| 27:14 | Create | Villager (Male) |
| 27:14 | Create | Villager (Male) |
| 27:14 | Create | Villager (Male) |
| 27:17 | Build | Farm |
| 27:34 | Research | Wheelbarrow |
| 27:35 | Create | Villager (Male) |
| 27:35 | Create | Villager (Male) |
| 27:36 | Create | Villager (Male) |
| 27:39 | Build | Farm |
| 28:16 | Build | Stable |
| 28:19 | Build | Farm |
| 28:21 | Build | Farm |
| 28:27 | Build | Mining Camp |
| 28:29 | Create | Villager (Male) |
| 28:29 | Create | Villager (Male) |
Build order — PandaVolador
First 150 of 188 actions detected
| 0:14 | Build | Town Center |
| 2:33 | Build | House |
| 2:34 | Build | House |
| 2:35 | Create | Villager (Male) |
| 2:35 | Create | Villager (Male) |
| 2:36 | Create | Villager (Male) |
| 2:36 | Create | Villager (Male) |
| 3:25 | Create | Villager (Male) |
| 3:36 | Build | Lumber Camp |
| 4:26 | Create | Villager (Male) |
| 4:52 | Create | Villager (Male) |
| 5:21 | Create | Villager (Male) |
| 6:00 | Create | Villager (Male) |
| 6:01 | Create | Villager (Male) |
| 6:01 | Create | Villager (Male) |
| 6:21 | Create | Villager (Male) |
| 6:44 | Create | Villager (Male) |
| 7:01 | Build | House |
| 7:09 | Build | House |
| 7:10 | Build | House |
| 7:16 | Build | House |
| 7:28 | Build | House |
| 7:38 | Create | Villager (Male) |
| 7:38 | Create | Villager (Male) |
| 7:50 | Create | Villager (Male) |
| 8:10 | Create | Villager (Male) |
| 8:46 | Create | Villager (Male) |
| 8:51 | Build | Mill |
| 9:02 | Build | Mill |
| 9:35 | Build | Palisade Wall |
| 9:36 | Build | Palisade Wall |
| 9:37 | Build | Palisade Wall |
| 9:38 | Build | Palisade Wall |
| 9:39 | Build | Palisade Wall |
| 9:54 | Build | Palisade Wall |
| 10:00 | Build | Palisade Wall |
| 10:13 | Create | Villager (Male) |
| 10:13 | Create | Villager (Male) |
| 10:32 | Research | Loom |
| 10:48 | Build | Palisade Wall |
| 11:57 | Research | Feudal Age |
| 11:57 | Research | Feudal Age |
| 13:12 | Build | Barracks |
| 13:31 | Build | House |
| 14:07 | Age | Feudal Age |
| 14:15 | Build | Blacksmith |
| 14:20 | Build | Market |
| 14:43 | Create | Villager (Male) |
| 14:43 | Create | Villager (Male) |
| 15:24 | Research | Castle Age |
| 15:33 | Build | House |
| 15:39 | Build | Palisade Wall |
| 15:48 | Build | Mining Camp |
| 15:52 | Research | Double-Bit Axe |
| 16:03 | Build | Watch Tower |
| 17:32 | Create | Villager (Male) |
| 17:32 | Create | Villager (Male) |
| 17:33 | Create | Villager (Male) |
| 18:00 | Create | Spearman |
| 18:13 | Age | Castle Age |
| 18:40 | Build | Watch Tower |
| 19:00 | Build | Town Center |
| 19:22 | Build | House |
| 19:26 | Build | House |
| 20:10 | Create | Villager (Male) |
| 20:46 | Build | Archery Range |
| 21:03 | Create | Villager (Male) |
| 21:03 | Create | Villager (Male) |
| 21:22 | Build | Farm |
| 21:23 | Build | Farm |
| 21:25 | Build | Farm |
| 21:26 | Build | Farm |
| 21:28 | Build | Farm |
| 21:32 | Build | Farm |
| 22:20 | Build | Archery Range |
| 22:35 | Create | Cavalry Archer |
| 22:36 | Create | Cavalry Archer |
| 22:37 | Create | Cavalry Archer |
| 22:39 | Research | Fletching |
| 22:47 | Create | Cavalry Archer |
| 22:47 | Create | Cavalry Archer |
| 22:57 | Create | Cavalry Archer |
| 23:21 | Create | Cavalry Archer |
| 23:21 | Create | Cavalry Archer |
| 23:21 | Create | Cavalry Archer |
| 23:29 | Create | Villager (Male) |
| 23:38 | Build | Farm |
| 24:09 | Create | Villager (Male) |
| 24:18 | Create | Cavalry Archer |
| 24:19 | Create | Cavalry Archer |
| 24:24 | Build | Market |
| 24:33 | Create | Villager (Male) |
| 24:34 | Create | Villager (Male) |
| 24:38 | Create | Cavalry Archer |
| 24:39 | Create | Cavalry Archer |
| 24:39 | Create | Cavalry Archer |
| 24:47 | Build | Farm |
| 24:57 | Create | Villager (Male) |
| 25:03 | Create | Cavalry Archer |
| 25:33 | Create | Villager (Male) |
| 26:01 | Create | Villager (Male) |
| 26:08 | Create | Cavalry Archer |
| 26:08 | Create | Cavalry Archer |
| 26:09 | Create | Cavalry Archer |
| 26:33 | Create | Villager (Male) |
| 26:38 | Build | Lumber Camp |
| 26:49 | Build | Farm |
| 26:52 | Create | Cavalry Archer |
| 26:53 | Create | Cavalry Archer |
| 27:16 | Create | Villager (Male) |
| 27:21 | Create | Cavalry Archer |
| 27:22 | Create | Cavalry Archer |
| 27:30 | Create | Villager (Male) |
| 27:36 | Build | House |
| 27:37 | Build | House |
| 27:40 | Create | Cavalry Archer |
| 28:27 | Research | Horse Collar |
| 28:29 | Create | Cavalry Archer |
| 28:29 | Create | Cavalry Archer |
| 28:44 | Create | Villager (Male) |
| 28:46 | Create | Villager (Male) |
| 28:52 | Build | House |
| 29:41 | Build | House |
| 29:56 | Create | Villager (Male) |
| 29:56 | Create | Villager (Male) |
| 29:57 | Create | Villager (Male) |
| 30:05 | Build | Farm |
| 30:05 | Build | Farm |
| 30:06 | Build | Farm |
| 30:06 | Build | Farm |
| 30:06 | Build | Farm |
| 30:06 | Build | Farm |
| 30:15 | Build | University |
| 30:27 | Create | Cavalry Archer |
| 30:27 | Create | Cavalry Archer |
| 30:28 | Create | Cavalry Archer |
| 30:28 | Create | Cavalry Archer |
| 30:55 | Create | Cavalry Archer |
| 30:56 | Create | Cavalry Archer |
| 30:56 | Create | Cavalry Archer |
| 31:02 | Create | Villager (Male) |
| 31:03 | Create | Villager (Male) |
| 31:03 | Create | Villager (Male) |
| 31:47 | Create | Villager (Male) |
| 31:47 | Create | Villager (Male) |
| 31:48 | Build | Farm |
| 31:50 | Build | Farm |
| 31:52 | Build | Farm |
| 31:52 | Build | Farm |
| 31:54 | Build | Farm |
Match timeline
| 4:49 | santi · wall_segment Palisade Wall x4 |
| 9:34 | evodio · first_building Barracks |
| 9:35 | PandaVolador · wall_segment Palisade Wall x1 |
| 9:36 | PandaVolador · wall_segment Palisade Wall x1 |
| 9:37 | PandaVolador · wall_segment Palisade Wall x1 |
| 9:38 | PandaVolador · wall_segment Palisade Wall x1 |
| 9:39 | PandaVolador · wall_segment Palisade Wall x2 |
| 9:54 | PandaVolador · wall_segment Palisade Wall x1 |
| 10:00 | PandaVolador · wall_segment Palisade Wall x1 |
| 10:40 | zelaz · first_building Barracks |
| 10:48 | PandaVolador · wall_segment Palisade Wall x1 |
| 10:57 | Goomoonryong · wall_segment Palisade Wall x1 |
| 11:37 | Porthos · first_building Barracks |
| 12:34 | Goomoonryong · wall_segment Palisade Wall x1 |
| 12:45 | zelaz · age_up feudal |
| 12:46 | Goomoonryong · wall_segment Palisade Wall x1 |
| 13:04 | Goomoonryong · age_up feudal |
| 13:04 | santi · age_up feudal |
| 13:12 | PandaVolador · first_building Barracks |
| 13:59 | Goomoonryong · wall_segment Palisade Wall x1 |
| 14:07 | PandaVolador · age_up feudal |
| 14:09 | santi · wall_segment Palisade Wall x12 |
| 14:10 | Porthos · age_up feudal |
| 14:13 | Porthos · first_building Stable |
| 14:18 | santi · wall_segment Palisade Wall x3 |
| 14:21 | santi · wall_segment Palisade Wall x9 |
| 14:24 | evodio · age_up feudal |
| 14:31 | Goomoonryong · wall_segment Palisade Wall x6 |
| 14:42 | evodio · first_building Stable |
| 14:44 | Goomoonryong · first_market_sell 100 stone |
| 14:44 | Goomoonryong · first_market_buy 100 food |
| 14:53 | Porthos · wall_segment Palisade Wall x4 |
| 15:04 | santi · wall_segment Palisade Wall x1 |
| 15:05 | santi · wall_segment Palisade Wall x1 |
| 15:08 | Goomoonryong · wall_segment Palisade Wall x4 |
| 15:25 | Porthos · wall_segment Palisade Wall x12 |
| 15:37 | Porthos · wall_segment Palisade Wall x1 |
| 15:39 | PandaVolador · wall_segment Palisade Wall x7 |
| 15:41 | Porthos · wall_segment Palisade Wall x8 |
| 16:13 | Goomoonryong · wall_segment Palisade Wall x2 |
| 16:19 | santi · wall_segment Palisade Wall x8 |
| 16:19 | Goomoonryong · wall_segment Palisade Wall x1 |
| 16:20 | evodio · wall_segment Palisade Wall x11 |
| 16:23 | zelaz · age_up castle |
| 16:35 | santi · age_up castle |
| 16:37 | evodio · wall_segment Palisade Wall x11 |
| 16:38 | zelaz · first_building Castle |
| 16:39 | santi · first_building Castle |
| 17:05 | Porthos · wall_segment Palisade Wall x15 |
| 17:08 | santi · wall_segment Palisade Wall x10 |
| 17:09 | santi · wall_segment Palisade Wall x2 |
| 17:15 | Porthos · wall_segment Palisade Wall x21 |
| 17:31 | Goomoonryong · age_up castle |
| 17:36 | Goomoonryong · first_building Castle |
| 17:40 | Porthos · age_up castle |
| 17:43 | evodio · wall_segment Palisade Wall x11 |
| 17:49 | zelaz · first_market_buy 100 food |
| 18:02 | santi · first_building Barracks |
| 18:05 | evodio · age_up castle |
| 18:13 | PandaVolador · age_up castle |
| 18:35 | santi · first_market_buy 100 food |
| 19:20 | evodio · wall_segment Palisade Wall x9 |
| 20:46 | PandaVolador · first_building Archery Range |
| 20:51 | evodio · first_building Monastery |
| 21:36 | santi · first_building Monastery |
| 24:12 | Porthos · first_building Monastery |
| 24:41 | Goomoonryong · wall_segment Palisade Wall x1 |
| 24:43 | Goomoonryong · wall_segment Palisade Wall x1 |
| 24:45 | Goomoonryong · wall_segment Palisade Wall x1 |
| 24:46 | Goomoonryong · wall_segment Palisade Wall x1 |
| 24:49 | Goomoonryong · wall_segment Palisade Wall x1 |
| 24:51 | Goomoonryong · wall_segment Palisade Wall x1 |
| 24:52 | Goomoonryong · wall_segment Palisade Wall x1 |
| 26:17 | Goomoonryong · first_building Siege Workshop |
| 28:00 | Goomoonryong · wall_segment Palisade Wall x8 |
| 28:01 | Goomoonryong · wall_segment Palisade Wall x1 |
| 28:16 | zelaz · first_building Stable |
| 29:59 | zelaz · first_building Archery Range |
| 30:15 | zelaz · first_market_sell 500 food |
| 32:34 | Goomoonryong · first_building Barracks |
| 33:28 | zelaz · age_up imperial |
| 34:18 | evodio · first_building Castle |
| 35:19 | PandaVolador · first_market_buy 100 stone |
| 35:28 | PandaVolador · first_building Castle |
| 35:56 | Porthos · first_market_buy 100 stone |
| 36:07 | Porthos · first_building Castle |
| 36:08 | zelaz · first_building Siege Workshop |
| 36:55 | evodio · age_up imperial |
| 36:56 | santi · first_market_sell 100 food |
| 37:03 | Goomoonryong · first_building Stable |
| 37:24 | PandaVolador · first_building Siege Workshop |
| 37:44 | santi · first_building Archery Range |
| 37:46 | evodio · first_market_sell 500 wood |
| 37:50 | evodio · first_market_buy 100 food |
| 37:57 | PandaVolador · first_market_sell 100 food |
| 40:04 | Goomoonryong · age_up imperial |
| 42:31 | Porthos · resign |
[ AI ANALYSIS · 1 CREDIT ]
What really happened in this match?
Wolo.gg analyzes every decision: build order, eco, micro, common mistakes by bracket. Personalized analysis on WhatsApp or Discord in 30 seconds.
Civ guide
Ethiopians
Perfil
Jugador #2499353